Cogmind - Beta 16 @@@ ROGUE MODE // 2025.11.01 @ 23:27:33 Player: Red Box Result: Destroyed by S-10 Pest with Light Assault Rifle Performance ------------- Evolutions (0) 0 Regions Visited (2) 400 Robots Destroyed (25) 125 Value Destroyed (607) 607 Prototype IDs (5) 100 Alien Tech Used (0) 0 Bonus (0) 0 TOTAL SCORE: 1232 Bonus ------- None Cogmind --------- Core Integrity 0/250 Matter 295/300 Energy 241/265 System Corruption 0% Temperature Cool (48) Movement Rolling (145) Ox3 Location -10/Subcaves Parts ------- > --- POWER (1) -------- Reinforced Ion Engine > --- PROPULSION (2) --- Compact Wheel > --- UTILITY (2) ------ High-capacity Storage Unit Hacking Suite > --- WEAPON (2) ------- Spread Laser Subdweller Beam Cannon > --- INVENTORY (20) --- Reinforced Ion Engine Compact Wheel Improved Heat Sink Improved Heat Sink Large Battery (200) High-capacity Matter Pod (200) Machine Analyzer Makeshift Thermal Plating Scrap Shield Heavy Riot Gun Subdweller Laser Makeshift Laser Subdweller Beam Cannon Battle Cannon Battle Cannon Grenade Launcher Flamer Scrap Shield Fragment (48) Peak State ------------ > --- POWER ------------ Reinforced Ion Engine > --- PROPULSION ------- Compact Wheel Compact Wheel > --- UTILITY ---------- High-capacity Storage Unit Hacking Suite > --- WEAPON ----------- Spread Laser Spread Laser > --- INVENTORY -------- Reinforced Ion Engine Compact Wheel Improved Heat Sink Improved Heat Sink Large Battery High-capacity Matter Pod Machine Analyzer Makeshift Thermal Plating Scrap Shield Heavy Riot Gun Subdweller Laser Makeshift Laser Subdweller Beam Cannon Subdweller Machine Gun Battle Cannon Battle Cannon Grenade Launcher Mining Claw Scrap Shield Fragment [Rating: 16] Favorites ----------- Power Reinforced Ion Engine Engine Reinforced Ion Engine Propulsion Aluminum Leg Leg Aluminum Leg Wheel Compact Wheel Utility Hacking Suite Device Improved Terrain Scanner Storage High-capacity Storage Unit Hackware Hacking Suite Weapon Light Assault Rifle Energy Gun EM Pulse Gun Energy Cannon Subdweller Beam Cannon Ballistic Gun Light Assault Rifle Ballistic Cannon Battle Cannon Special Weapon Mining Laser Slashing Weapon Mining Claw Build | -11 -10 -10 ------- Run | Yrd Mat Sub Slots Evolved . | . . . Power . | . . . Propulsion . | . . . Utility . | . . . Weapon . | . . . Parts Attached 31 | 7 15 9 Power 4 | 1 3 . Engine 4 | 1 3 . Core . | . . . Reactor . | . . . Propulsion 7 | 2 3 2 Treads . | . . . Leg 3 | 2 1 . Wheel 4 | . 2 2 Hover . | . . . Flight . | . . . Utility 6 | 2 4 . Device 1 | 1 . . Storage 4 | 1 3 . Processor . | . . . Hackware 1 | . 1 . Protection . | . . . Artifact . | . . . Weapon 14 | 2 5 7 Energy Gun 6 | . 3 3 Energy Cannon 2 | . . 2 Ballistic Gun 2 | 2 . . Ballistic Cannon 2 | . . 2 Launcher . | . . . Special Weapon 1 | . 1 . Impact Weapon . | . . . Slashing Weapon 1 | . 1 . Piercing Weapon . | . . . Special Melee Weapon . | . . . Unidentified Prototypes . | . . . Parts Lost 4 | . 1 3 Power 1 | . 1 . Propulsion 2 | . . 2 Utility . | . . . Weapon 1 | . . 1 Highest Loss Streak 1 | . 1 1 To Critical Strikes 1 | . . 1 Average Backups 14 | 3 13 16 Power . | . . 1 Propulsion 2 | 2 2 1 Utility 5 | . 5 6 Weapon 5 | 1 4 7 Tool/Special . | . . . Unused Backups 25 | . 7 18 Power 1 | . . 1 Propulsion 4 | . 3 1 Utility 10 | . 2 8 Weapon 10 | . 2 8 Tool/Special . | . . . Average Slot Usage (%) 99 | . 100 99 Engine 14 | . 14 14 Leg 13 | . 23 . Wheel 14 | . 4 27 Device 1 | . 2 . Storage 14 | . 14 14 Hackware 12 | . 11 14 Energy Gun 11 | . 12 11 Energy Cannon 4 | . . 10 Ballistic Gun 8 | . 13 . Ballistic Cannon 1 | . . 3 Slashing Weapon 2 | . 1 2 Peak Build Rating 16 | 9 13 16 Average Rating 12 | 5 11 15 On Entrance 7 | . 9 13 Avg Prop Armor Cover (%) . | . . . Naked Turns . | . . . Heaviest Build 66 | 13 54 66 Greatest Support 36 | 20 32 36 Greatest Overweight (x) 3 | . 2 3 Average Overweight (x) 1 | . . 1 Largest Inventory Capacity 20 | 8 20 20 Average Capacity 15 | 7 14 18 Most Carried 20 | 7 18 20 Average Carried 14 | 3 13 18 Final Capacity 20 | 8 15 20 Final Carried 19 | 7 15 19 Class Distribution -------------------- 88% | Mutant 11% | Scavenger-Mutant Dominant Class ---------------- Mutant | -10/Materials Mutant | -10/Subcaves Resources | -11 -10 -10 ----------- Run | Yrd Mat Sub Matter Collected 901 | 288 438 175 Remotely . | . . . Salvage Created 727 | 97 363 267 Parts 59 | 10 24 25 Haulers Intercepted 1 | . 1 . Recyclers Shooed . | . . . Parts Field Recycled . | . . . Retrieved Matter . | . . . Parts Self-Destructed 2 | . . 2 Prevented . | . . . Parts Restored . | . . . Kills | -11 -10 -10 ------- Run | Yrd Mat Sub Combat Hostiles Destroyed 17 | . 7 10 Guns 16 | . 7 9 Cannons 1 | . . 1 Classes Destroyed 8 | 2 5 1 Builder 1 | . 1 . Tunneler 2 | 2 . . Hauler 1 | . 1 . Recycler 1 | 1 . . Watcher 3 | . 3 . Swarmer 5 | . 3 2 Grunt 4 | . 4 . Subdweller 8 | . . 8 Best Kill Streak 3 | 1 3 2 Combat Bots Only 3 | . 3 2 Max Kills in Single Turn 1 | 1 1 1 Gunslinging . | . . . Exploded . | . . . Melee . | . . . Uniques/NPCs Destroyed . | . . . Combat | -11 -10 -10 -------- Run | Yrd Mat Sub Hostile Shots Fired 79 | . 29 50 Missed 19 | . 3 16 Hits 60 | . 26 34 Projectile 60 | . 26 34 Critical Strikes 3 | . 2 1 Damage Taken 1006 | . 397 609 Core 250 | . 97 153 Absorbed by Shields . | . . . Regen/Repaired (Parts) 9 | . 9 . Core Remaining (%) 100 | 100 . . Volleys Fired 101 | 9 39 53 Largest 2 | 2 2 2 Hottest 160 | 40 100 160 Shots Fired 168 | 18 60 90 Gun 134 | 18 58 58 Cannon 32 | . . 32 Launcher . | . . . Special 2 | . 2 . Kinetic 56 | 18 38 . Thermal 93 | . 3 90 Explosive . | . . . Electromagnetic 19 | . 19 . Robot Hit Streak 14 | 4 6 14 Robot Miss Streak 4 | 3 4 3 Penetration Max . | . . . Secondary Targets . | . . . Shots Hit Robots 95 | 11 34 50 Core Hits 75 | 5 24 46 Critical Kills . | . . . Critical Parts Destroyed . | . . . Critical Strikes 1 | . 1 . Corrupt 1 | . 1 . Melee Attacks 28 | . 8 20 Impact . | . . . Slashing 28 | . 8 20 Piercing . | . . . Sneak Attacks 1 | . 1 . Combat Hostiles . | . . . Follow-up Attacks . | . . . Damage Inflicted 1067 | 89 381 597 Guns 997 | 89 337 571 Cannons 26 | . . 26 Explosions . | . . . Melee 44 | . 44 . Ramming . | . . . Kinetic 269 | 89 180 . Thermal 614 | . 17 597 Explosive . | . . . Electromagnetic 140 | . 140 . Impact . | . . . Slashing 44 | . 44 . Piercing . | . . . Highest Corruption . | . . . Average Corruption . | . . . Corruption Purged . | . . . Corruption Blocked . | . . . Overload Shots . | . . . Overflow Damage . | . . . Projectiles . | . . . Explosions . | . . . Melee . | . . . Knockbacks . | . . . Impact . | . . . Kinetic . | . . . Secondary . | . . . Self-Inflicted Damage . | . . . Shots . | . . . Rammed . | . . . Targets Rammed . | . . . Kicked . | . . . Crushed . | . . . Highest Temperature 270 | . 162 270 Average Temperature 55 | . 59 51 Received Heat Transfer 324 | . 231 93 Effects 2 | . . 2 Interference 2 | . . 2 Siege Activations . | . . . Martial Activations . | . . . Shielding Activations . | . . . Robots Disrupted . | . . . Combat Hostiles . | . . . Robots Corrupted . | . . . Combat Hostiles . | . . . Parts Fried 1 | . 1 . Impact Corruptions . | . . . Robots Melted . | . . . Combat Hostiles . | . . . Parts Melted 3 | . . 3 Heat Transferred 851 | . 37 814 Parts Sabotaged . | . . . Parts Stolen . | . . . Parts Stripped . | . . . Power Chain Reactions . | . . . Alert | -11 -10 -10 ------- Run | Yrd Mat Sub Maximum Alert Level . | . . . Low Security (%) 100 | 100 100 . Level 1 . | . . . Level 2 . | . . . Level 3 . | . . . Level 4 . | . . . Level 5 . | . . . High Security . | . . . Max Security . | . . . Peak Influence 96 | 5 96 . Initial . | . . . Average 19 | . 20 . Influence Increases 341 | 15 256 70 Destroy 0b10 Robot/C 180 | . 140 40 Destroy 0b10 Robot/NC 40 | 15 25 . Destroy Leader 38 | . 38 . Successful Hack 32 | . 32 . Destroy Structure 6 | . 6 . Partial Spotted 15 | . 15 . Lose Combat Pursuer 30 | . . 30 Influence Decreases 283 | 15 213 55 Entered New Map 22 | . . 22 Time Decay 241 | 15 203 23 Lost Part 10 | . . 10 Lost Ally 10 | . 10 . Squads Dispatched . | . . . Investigation . | . . . Extermination . | . . . Reinforcement . | . . . Assault . | . . . Garrison . | . . . Intercept . | . . . Searches Triggered . | . . . Construction Impeded . | . . . Haulers Reinforced . | . . . Active Scanning Responses . | . . . Cargo Convoy Interrupts . | . . . Stealth | -11 -10 -10 --------- Run | Yrd Mat Sub Distress Signals 1 | . 1 . Communications Jammed . | . . . Distress Signals . | . . . Times Spotted 26 | . 14 12 Peak Tracking Total 6 | . 3 6 Tactical Retreats 1 | . . 1 Traps | -11 -10 -10 ------- Run | Yrd Mat Sub Traps Triggered 2 | . 1 1 Indirectly . | . . . Trap Hack Attempts . | . . . Triggered . | . . . Disarmed . | . . . Reprogrammed . | . . . Reused . | . . . Traps Extracted . | . . . Installed . | . . . Triggered . | . . . Machines | -11 -10 -10 ---------- Run | Yrd Mat Sub Machines Disabled . | . . . Max in Single Turn . | . . . Machines Repaired . | . . . Machines Dismantled . | . . . Machines Sabotaged . | . . . Overloaded Fab Kills . | . . . Hacking | -11 -10 -10 --------- Run | Yrd Mat Sub Machines Accessed 11 | . 11 . Terminals 8 | . 8 . Fabricators . | . . . Repair Stations 1 | . 1 . Recycling Units 2 | . 2 . Scanalyzers . | . . . Garrison Access . | . . . Total Hacks 36 | . 36 . Successful 27 | . 27 . Failed 9 | . 9 . Catastrophic . | . . . Database Lockouts . | . . . Manual 22 | . 22 . Terminals 28 | . 28 . Fabricators . | . . . Repair Stations 4 | . 4 . Recycling Units 4 | . 4 . Scanalyzers . | . . . Garrison Access . | . . . Terminal Hacks 12 | . 12 . Record 1 | . 1 . Robot Analysis 3 | . 3 . Prototype ID Bank 4 | . 4 . Terminal Index 1 | . 1 . Locate Traps 2 | . 2 . Zone Layout 1 | . 1 . Fabricator Hacks . | . . . Repair Station Hacks 2 | . 2 . Scan Component 1 | . 1 . Repair 1 | . 1 . Recycling Unit Hacks 2 | . 2 . Retrieve Components 2 | . 2 . Scanalyzer . | . . . Garrison Access Hacks . | . . . Unauthorized Hacks 11 | . 11 . Terminals 9 | . 9 . Track 1 | . 1 . Assimilate 4 | . 4 . Botnet 3 | . 3 . Operators 1 | . 1 . Fabricators . | . . . Repair Stations . | . . . Recycling Units 2 | . 2 . Reject 2 | . 2 . Scanalyzers . | . . . Garrison Access . | . . . Data Cores Recovered 1 | . 1 . Used . | . . . Hacking Detections 10 | . 10 . Full Trace Events . | . . . Feedback Events . | . . . Feedback Blocked . | . . . Robot Schematics Acquired . | . . . Robots Built . | . . . Authchips . | . . . Time . | . . . Total Robot Build Rating . | . . . Part Schematics Acquired . | . . . Parts Built . | . . . Authchips . | . . . Time . | . . . Total Part Build Rating . | . . . Part Studies Acquired . | . . . Parts Repaired 1 | . 1 . Time 38 | . 38 . Parts Recycled . | . . . Recycled Matter . | . . . Retrieved Matter . | . . . Retrieved Components 18 | . 18 . Parts Scanalyzed . | . . . Part Schematics Acquired . | . . . Parts Damaged . | . . . Bothacking | -11 -10 -10 ------------ Run | Yrd Mat Sub Used RIF Installer . | . . . Robots Hacked . | . . . Non-combat . | . . . Combat . | . . . Robot Hacks Applied . | . . . Relay Couplers Released . | . . . Fabnet Peak Effective % . | . . . Robots Rewired . | . . . Allies Hacked . | . . . Hacks Repelled . | . . . Allies | -11 -10 -10 -------- Run | Yrd Mat Sub Total Allies 1 | . 1 . Largest Group 1 | . 1 . Highest-Rated Group 10 | . 10 . Highest-Rated Ally 10 | . 10 . Total Orders . | . . . Ally Attacks . | . . . Total Damage . | . . . Kills . | . . . Allies Corrupted . | . . . Allies Melted . | . . . Intel | -11 -10 -10 ------- Run | Yrd Mat Sub Active Infowar (turns) 599 | 20 579 . Terrain 599 | 20 579 . Robot Analysis Total 3 | . 3 . Derelict Logs Recovered 1 | . . 1 Drone Launches . | . . . Drone Recoveries . | . . . Exploration | -11 -10 -10 ------------- Run | Yrd Mat Sub Turns Passed 4979 | 142 2832 2005 Spaces Moved 3076 | 90 1567 1419 Core 9 | 9 . . Treads . | . . . Legs 1292 | 81 1211 . Wheels 1775 | . 356 1419 Hover . | . . . Flight . | . . . Fastest Speed 50 | 50 115 105 Average Speed 141 | 113 162 119 Slowest Speed 260 | 120 260 145 Overloaded Moves . | . . . Propulsion Burnouts . | . . . Robots Hopped . | . . . Potential Cave-ins . | . . . Cave-ins Triggered . | . . . Exploration Rate (%) 58 | 5 99 71 Regions Visited 2 Branch Regions 1 Pre-discovered Areas . | . . . Known Exits Taken . | . . . Unknown Exits Taken 2 | 1 1 . Scrap Searched 7 | . . 7 Spaces Dug 8 | . 6 2 Terrain Destroyed 12 | . 6 6 Melee 4 | . 4 . Projectile 8 | . 2 6 AOE . | . . . Terrain Rammed . | . . . Walls Destroyed . | . . . Machines Disabled . | . . . Actions | -11 -10 -10 --------- Run | Yrd Mat Sub Total 3502 | 113 1783 1606 Wait 156 | . 102 54 Move 3074 | 89 1566 1419 Hop . | . . . Pick Up 56 | 8 26 22 Fast Attach 8 | 6 1 1 Attach 8 | 1 5 2 Detach 1 | . 1 . Swap 30 | . 14 16 Drop 40 | . 21 19 Fire 101 | 9 39 53 Melee 28 | . 8 20 Ram . | . . . Kick . | . . . Crush . | . . . Escape Stasis . | . . . Rewire . | . . . Trap . | . . . Miscellaneous . | . . . Route ------- -11/Scrapyard -10/Materials (discovered 6 exits: [*Mat x3] / [*Min x2] / [*Sub]) -10/Subcaves (discovered 2 exits: [*Mat] / [*Scr]) History --------- Turn | Location | Event 8 | -11/Scrapyard | Discovered new exit (range 15) 143 | -11/Scrapyard | Entered Materials 144 | -10/Materials | Met a group of wandering Federalists 171 | -10/Materials | Discovered new exit (range 13) 277 | -10/Materials | Discovered new exit (range 13) 306 | -10/Materials | Build established: Mutant 317 | -10/Materials | Discovered new exit (range 3) 1560 | -10/Materials | Discovered new exit (range 14) 1604 | -10/Materials | Discovered new exit (range 15) 1604 | -10/Materials | Discovered new exit (range 15) 2764 | -10/Materials | Repaired Imp. Heat Sink 2876 | -10/Materials | Build established: Scavenger-Mutant 2975 | -10/Materials | Entered Subcaves 2976 | -10/Subcaves | Continued accompanying wandering Federalists (4) 2976 | -10/Subcaves | Approached by a straggling Scientist 3154 | -10/Subcaves | Discovered new exit (range 12) 3190 | -10/Subcaves | Core integrity fell below 50% 3286 | -10/Subcaves | Shifting Twisted Machinery released Scrap Shield 3288 | -10/Subcaves | Shifting Twisted Machinery released Piercing Trap 3472 | -10/Subcaves | Build established: Mutant 3649 | -10/Subcaves | A swath of the cavern ceiling suddenly collapsed 4292 | -10/Subcaves | A swath of the cavern ceiling suddenly collapsed 4353 | -10/Subcaves | Shifting Twisted Machinery released Sub. Beam Cannon 4385 | -10/Subcaves | Shifting Twisted Machinery released Barrage Gun 4432 | -10/Subcaves | Core integrity fell below 20% 4755 | -10/Subcaves | Learned 2 Materials zone layouts 4980 | -10/Subcaves | Destroyed by S-10 Pest with Light Assault Rifle Last Messages --------------- 04120_ Acquired Flamer. 04179_ S6-L4H(R) destroyed. 04183_ Acquired 2 matter. 04213_ Spread Laser destroyed. 04216_ TQ-S6M(R) destroyed. A swath of the cavern ceiling suddenly collapses. 04309_ Overheating: System interference. 04309_ Sub. Beam Cannon temporarily disabled. Sub. Beam Cannon falls loose from the Twisted Machinery. Barrage Gun falls loose from the Twisted Machinery. 04428_ Acquired 20 matter. 04431_ Triggered Piercing Trap. 04431_ Spikes shoot up from the floor. 04431_ Critical hit (Impale). 04695_ 49-NGX(u) tweaks Twisted Machinery. 04755_ Acquired derelict log, extracted data. Data stored: Materials zone layouts (x2). 04972_ Com. Wheel destroyed. 04975_ S-10 Pest destroyed. Map ----- +----------------------------------------------------+ | #??????????????????????????????????????? | | # ##?????????????????????????????????????? | | # #?????????????????????????????????????? | | ##????????????????????????????????????? | | ### ## ##???????????????????????????????????? | | ### #?? ##??????????????????????????????????? | | ### #?# #????? ???????????????????????????? | | ##?## ### #???? ???????????????????????????? | | ????# ## #??? ???????????????????????????? | | ????# #### ??????????????????????????? | | ????# ??????????????????????????? | | ????## #????????? ????????????????? | | ?????# #####??????????? ??????????????? | | ?????# ##????# ?????? ???????????????? | | ####?# ### ?????? ???????????????? | | ### #????? #???#???????????? | | ?????? #?? ##??????????? | | ## ###### ???????? #? ???????????? | | ## ## ##????????##??? # #????????????? | | #### ### ###?????? #?? # #?????????????? | | ??# ##?# ##?????? ## #?????????????? | | ??# ##?# #?????? #?????????????? | | ??## ### #####??? #??????????????? | | ??## ### #??? #???????????????? | | ??# ### ##### #???????????????? | | ??## ## " " @#" #????????????????? | | ???# # " "##" =s% #????????????????? | | ??## #### " ### =## #????????????????? | | ?## #??#"" " ##?## #?## ?????????????? | | ## ##?##""" ##???# #??? #??????????? | | # #??# "" "#????## ##???? #??????????? | | # #??##"%!=#?????######?????? #??????????? | | # ####??## [ %#?????????????????? #?????????? | | ####?????# """|#??????????????????? #?????????? | | ????????## """##?####???????????????# ##?????????? | | ???????## ""##??# ##????????????????#??????????? | | ?????### ##?## #####???????????????????????? | | #???## ### ##??????????????????????? | | #???# ## " #??????????????????????? | | #??## "" " ##??????????????????????? | | #### ## " " #####???????????????????????? | | ?# ## ##???????????????????????????? | | ?# ### #????????????????????????????? | | ?## ####?## #### ##????????????????????????????? | | ??####?????###??####?????????????????????????????? | | ?????????????????????????????????????????????????? | | ?????????????????????????????????????????????????? | | ?????????????????????????????????????????????????? | | ?????????????????????????????????????????????????? | | ?????????????????????????????????????????????????? | +----------------------------------------------------+ Best States ------------- Heat Dissipation 25 Energy Generation 12 Energy Capacity 265 Matter Stores 300 Matter Capacity 300 Sight Range 16 Terrain Scan Range 16 Terrain Scan Density 10 Evasion (%) 55 Offensive Hacking 10 Item Schematics ----------------- None Robot Schematics ------------------ None Fabricated ------------ Nothing Repaired ---------- Imp. Heat Sink | 77% | -10/Materials Studied --------- None Alien Tech Used ----------------- None Achievements -------------- Strength In Numbers Challenges ------------ None Game ------ Seed PlasmaAlloyPurifier Manual? 0 Play Time 01:03:42 Cumulative 660.4 hours Start 2025.11.01 @ 22:03:54 End 2025.11.01 @ 23:27:33 Sessions 1 Manual Loads 0 Difficulty Rogue Special Mode None Game No. 450 Rogue 450 Adventurer 0 Explorer 0 Win Type - Total 1 Types 1/0/0/0/0/0/0/0/0/0 Lore% 41 Gallery% 64 Achievement% 33 Wizard Run 0 Options --------- Layout 1 ASCII 0 Keyboard 0 Movement Mouse Keybinds 0 Fullscreen 1 Font 20/SmallcapsGlow Map View 54x42 Zoom Use 0% Tactical HUD 1 Map Filters NONE Filters NONE Steam 1 RUN: af158e9f-c358-4999-aaad-592e090979af